ORI
UNIVERSITY OF OKLAHOMA SOONERS @ UNIVERSITY OF CONNETICUT HUSKIES
08/10/2049
 
TOP OF THE 1ST
University of Oklahoma Sooners batting - Pitching for University of Conneticut Huskies : RHP Jay Catoe
Pitching: RHP Jay Catoe
Batting: LHB Michio Okamoto 0-0: Ground out 6-3 (Groundball, 6, EV 78.8 MPH)
Batting: RHB Kjeld Leen 0-0: Ball
1-0: Ground out 4-3 (Groundball, 4, EV 88.1 MPH)
Batting: LHB Aaron Hollifield 0-0: Foul Ball, location: 2F
0-1: Ball
1-1: Called Strike
1-2: Ball
2-2: Foul Ball, location: 2F
2-2: Ball
3-2: Ground out 2-3 (Groundball, 2R, EV 69.4 MPH)
Top of the 1st over - 0 runs, 0 hits, 0 errors, 0 left on base; University of Oklahoma 0 - University of Conneticut 0
BOTTOM OF THE 1ST
University of Conneticut Huskies batting - Pitching for University of Oklahoma Sooners : RHP Billy Russell
Pitching: RHP Billy Russell
Batting: RHB Jordan Nicholas 0-0: Ball
1-0: SINGLE (Line Drive, 89S, EV 92.5 MPH)
Batting: RHB Phil Hilton 0-0: Ball
Jordan Nicholas is caught stealing 2nd base 2-4
1-0: Swinging Strike
1-1: Ball
2-1: Foul Ball, location: 2F
2-2: Strikes out swinging
Batting: LHB Greg James 0-0: Ball
1-0: Called Strike
1-1: Called Strike
1-2: Foul Ball, location: 2F
1-2: Ball
2-2: Foul Ball, location: 2F
2-2: DOUBLE (Line Drive, 89XD, EV 112.5 MPH)
Batting: RHB Jai De san miguel 0-0: Ball
1-0: Ball
2-0: Called Strike
2-1: Swinging Strike
2-2: Ground out 1-3 (Groundball, 15S, EV 69.4 MPH)
Bottom of the 1st over - 0 runs, 2 hits, 0 errors, 1 left on base; University of Oklahoma 0 - University of Conneticut 0
TOP OF THE 2ND
University of Oklahoma Sooners batting - Pitching for University of Conneticut Huskies : RHP Jay Catoe
Batting: LHB Toby Clark 0-0: Ball
1-0: Ball
2-0: Called Strike
2-1: Ball
3-1: Base on Balls
Batting: RHB Ultse van den Hazel 0-0: Called Strike
0-1: Foul Ball, location: 2F
0-2: Fielders Choice at 2nd, 4-6 (Groundball, 4S, EV 85.0 MPH)
Batting: RHB Sam Mason 0-0: Ball
1-0: Fly out, F7 (Flyball, 78M, EV 95.0 MPH)
Batting: RHB Zach Throsby 0-0: Swinging Strike
0-1: Foul Ball, location: 2F
0-2: Foul Ball, location: 2F
0-2: Ball
1-2: Fly out, F7 (Flyball, 78M, EV 88.8 MPH)
Top of the 2nd over - 0 runs, 0 hits, 0 errors, 1 left on base; University of Oklahoma 0 - University of Conneticut 0
BOTTOM OF THE 2ND
University of Conneticut Huskies batting - Pitching for University of Oklahoma Sooners : RHP Billy Russell
Batting: RHB Roku Kawano 0-0: Ball
1-0: Called Strike
1-1: Fly out, F8 (Flyball, 8LXD, EV 105.6 MPH)
Batting: LHB Omar Alba 0-0: Called Strike
0-1: Fly out, F8 (Flyball, 8RXD, EV 101.2 MPH)
Batting: RHB Victor Ramos 0-0: Ball
1-0: Swinging Strike
1-1: Ball
2-1: Foul Ball, location: 2F
2-2: Fly out, F9 (Flyball, 9, EV 87.5 MPH)
Bottom of the 2nd over - 0 runs, 0 hits, 0 errors, 0 left on base; University of Oklahoma 0 - University of Conneticut 0
TOP OF THE 3RD
University of Oklahoma Sooners batting - Pitching for University of Conneticut Huskies : RHP Jay Catoe
Batting: RHB Timmy Lightfoot 0-0: Fly out, F7 (Flyball, 7D, EV 85.6 MPH)
Batting: LHB Tommy Sayles 0-0: Called Strike
0-1: Ball
1-1: Swinging Strike
1-2: Ball
2-2: Ball
3-2: Strikes out swinging
Batting: LHB Michio Okamoto 0-0: Called Strike
0-1: Swinging Strike
0-2: Ball
1-2: Ball
2-2: Ball
3-2: Foul Ball, location: 2F
3-2: Base on Balls
Batting: RHB Kjeld Leen 0-0: Foul Ball, location: 2F
0-1: Ball
1-1: Swinging Strike
1-2: Foul Ball, location: 2F
1-2: Strikes out swinging
Top of the 3rd over - 0 runs, 0 hits, 0 errors, 1 left on base; University of Oklahoma 0 - University of Conneticut 0
BOTTOM OF THE 3RD
University of Conneticut Huskies batting - Pitching for University of Oklahoma Sooners : RHP Billy Russell
Batting: RHB Charlie Slayback 0-0: Foul Ball, location: 2F
0-1: Called Strike
0-2: Strikes out swinging
Batting: LHB Chris Grayson 0-0: Foul Ball, location: 2F
0-1: Ball
1-1: Foul Ball, location: 2F
1-2: Strikes out swinging
Batting: RHB Jordan Nicholas 0-0: Foul Ball, location: 2F
0-1: Foul Ball, location: 2F
0-2: Strikes out swinging
Bottom of the 3rd over - 0 runs, 0 hits, 0 errors, 0 left on base; University of Oklahoma 0 - University of Conneticut 0
TOP OF THE 4TH
University of Oklahoma Sooners batting - Pitching for University of Conneticut Huskies : RHP Jay Catoe
Batting: LHB Aaron Hollifield 0-0: Ball
1-0: Ball
2-0: Called Strike
2-1: SINGLE (Groundball, 3D, EV 105.0 MPH)
Batting: LHB Toby Clark 0-0: Ball
Aaron Hollifield steals 2nd base
1-0: Ball
2-0: Foul Ball, location: 2F
2-1: Called Strike
2-2: Foul Ball, location: 2F
2-2: Ball
3-2: SINGLE (Line Drive, 7S, EV 91.2 MPH)
Aaron Hollifield to third
Runner from 3rd tries for Home, SAFE, throw by LF to home
Batting: RHB Ultse van den Hazel 0-0: Ball
1-0: Called Strike
1-1: Fly out, F8 (Flyball, 78M, EV 86.9 MPH)
Batting: RHB Sam Mason 0-0: Ball
1-0: Foul Ball, location: 2F
1-1: Called Strike
1-2: Ball
2-2: Ball
3-2: Strikes out looking
Batting: RHB Zach Throsby 0-0: Called Strike
0-1: Reached on error, E6 (Groundball, 6, EV 83.1 MPH)
Toby Clark to second
Batting: RHB Timmy Lightfoot 0-0: Swinging Strike
0-1: Ball
1-1: Fielders Choice at 2nd, 5-4 (Groundball, 5, EV 81.9 MPH)
Top of the 4th over - 1 run, 2 hits, 1 error, 2 left on base; University of Oklahoma 1 - University of Conneticut 0
BOTTOM OF THE 4TH
University of Conneticut Huskies batting - Pitching for University of Oklahoma Sooners : RHP Billy Russell
Batting: RHB Phil Hilton 0-0: Ball
1-0: Foul Ball, location: 2F
1-1: Foul Ball, location: 2F
1-2: SINGLE (Groundball, 15S, EV 65.0 MPH) (infield hit)
Batting: LHB Greg James 0-0: Called Strike
Phil Hilton steals 2nd base
0-1: Ball
1-1: Ball
2-1: Foul Ball, location: 2F
2-2: Strikes out swinging
Batting: RHB Jai De san miguel 0-0: Called Strike
0-1: Swinging Strike
0-2: Ball
1-2: Ball
2-2: Fly out, F3 (Popup, 23F, EV 86.2 MPH)
Batting: RHB Roku Kawano 0-0: Ball
1-0: Foul Ball, location: 2F
1-1: Foul Ball, location: 2F
1-2: Ball
2-2: Foul Ball, location: 2F
2-2: Foul Ball, location: 2F
2-2: Ball
3-2: SINGLE (Groundball, 4MD, EV 109.4 MPH)
Phil Hilton to third
Runner from 3rd tries for Home, SAFE, throw by CF to home
Batting: LHB Omar Alba Pickoff Throw to First - Out! 1-3
Bottom of the 4th over - 1 run, 2 hits, 0 errors, 0 left on base; University of Oklahoma 1 - University of Conneticut 1
TOP OF THE 5TH
University of Oklahoma Sooners batting - Pitching for University of Conneticut Huskies : RHP Jay Catoe
Pitching: RHP Hector Guerra
Now at C: Ju-yi Huang
Batting: LHB Tommy Sayles 0-0: Called Strike
0-1: DOUBLE (Line Drive, 78D, EV 100.0 MPH)
Batting: LHB Michio Okamoto 0-0: Foul Ball, location: 2F
0-1: Ball
1-1: Ball
2-1: Ball
3-1: Base on Balls
Batting: RHB Kjeld Leen 0-0: Ball
1-0: Ball
2-0: Called Strike
2-1: Called Strike
2-2: Ball
3-2: Strikes out swinging
Pinch Hitting: LHB Geoff Hudock 0-0: Fielders Choice at 2nd, 3-6 (Groundball, 34S, EV 83.8 MPH)
Tommy Sayles to third
Batting: LHB Toby Clark 0-0: Swinging Strike
0-1: Foul Ball, location: 2F
0-2: Ball
1-2: Foul Ball, location: 2F
1-2: 3-RUN HOME RUN (Flyball, 9D, EV 98.8 MPH), Distance : 374 ft
Pitching: RHP Dave Cobos
Batting: RHB Alex Perez 0-0: Swinging Strike
0-1: Swinging Strike
0-2: Ball
1-2: Foul Ball, location: 2F
1-2: Strikes out swinging
Top of the 5th over - 3 runs, 2 hits, 0 errors, 0 left on base; University of Oklahoma 4 - University of Conneticut 1
BOTTOM OF THE 5TH
University of Conneticut Huskies batting - Pitching for University of Oklahoma Sooners : RHP Billy Russell
Pitching: RHP Marco Munoz
Now at C: Jason Higgins
Now at 2B: Myles Sabine
Now in LF: Orlando Uribe
Now in CF: Kjeld Leen
Now in RF: Geoff Hudock
Batting: LHB Omar Alba 0-0: Called Strike
0-1: Foul Ball, location: 2F
0-2: Ball
1-2: Ball
2-2: Foul Ball, location: 2F
2-2: Foul Ball, location: 2F
2-2: Ball
3-2: Foul Ball, location: 2F
3-2: Fly out, F8 (Line Drive, 78S, EV 90.6 MPH)
Now in CF: Geoff Hudock
Now in RF: Suk Hahn
Batting: RHB Victor Ramos 0-0: SINGLE (Groundball, 4MD, EV 103.1 MPH)
Batting: RHB Charlie Slayback 0-0: Called Strike
Victor Ramos steals 2nd base
0-1: Ball
1-1: Foul Ball, location: 2F
1-2: Strikes out swinging
Batting: LHB Chris Grayson 0-0: 2-RUN HOME RUN (Flyball, 9D, EV 99.4 MPH), Distance : 383 ft
Batting: RHB Jordan Nicholas 0-0: Ball
1-0: Ball
2-0: Ball
3-0: Called Strike
3-1: Called Strike
3-2: SINGLE (Line Drive, 3D, EV 96.9 MPH)
Pinch Hitting: LHB Bertil Ivens 0-0: Ball
Jordan Nicholas steals 2nd base (no throw)
1-0: SINGLE (Groundball, 3S, EV 70.6 MPH) (infield hit)
Jordan Nicholas to third
Batting: LHB Greg James
Pinch Hitting: LHB Matt Reed 0-0: Ground out 4-3 (Groundball, 34, EV 80.6 MPH)
Bottom of the 5th over - 2 runs, 4 hits, 0 errors, 2 left on base; University of Oklahoma 4 - University of Conneticut 3
TOP OF THE 6TH
University of Oklahoma Sooners batting - Pitching for University of Conneticut Huskies : RHP Dave Cobos
Pitching: LHP Alex Membreno
Now at 1B: Lee Wilbur
Now in LF: Bertil Ivens
Now in RF: Matt Reed
Pinch Hitting: SHB Benedetto Legnano 0-0: Swinging Strike
0-1: Foul Ball, location: 2F
0-2: Ball
1-2: Ball
2-2: Strikes out looking
Batting: SHB Orlando Uribe 0-0: Swinging Strike
0-1: Ball
1-1: Foul Ball, location: 2F
1-2: Ball
2-2: Foul Ball, location: 2F
2-2: Strikes out swinging
Batting: RHB Jason Higgins 0-0: Called Strike
0-1: Ball
1-1: Ball
2-1: Foul Ball, location: 2F
2-2: Foul Ball, location: 2F
2-2: Strikes out looking
Top of the 6th over - 0 runs, 0 hits, 0 errors, 0 left on base; University of Oklahoma 4 - University of Conneticut 3
BOTTOM OF THE 6TH
University of Conneticut Huskies batting - Pitching for University of Oklahoma Sooners : RHP Marco Munoz
Now at SS: David Stuckey
Batting: RHB Jai De san miguel 0-0: Called Strike
0-1: Ball
1-1: Foul Ball, location: 2F
1-2: SINGLE (Flyball, 78S, EV 91.2 MPH)
Batting: RHB Ju-yi Huang 0-0: Ball
Jai De san miguel is caught stealing 2nd base 2-4
1-0: Ground out 4-3 (Groundball, 4, EV 86.2 MPH)
Batting: LHB Omar Alba 0-0: Called Strike
0-1: Foul Ball, location: 2F
0-2: Ball
1-2: Ball
2-2: Foul Ball, location: 2F
2-2: Ball
3-2: Foul Ball, location: 2F
3-2: Foul Ball, location: 2F
3-2: Foul Ball, location: 2F
3-2: Strikes out swinging
Bottom of the 6th over - 0 runs, 1 hit, 0 errors, 0 left on base; University of Oklahoma 4 - University of Conneticut 3
TOP OF THE 7TH
University of Oklahoma Sooners batting - Pitching for University of Conneticut Huskies : LHP Alex Membreno
Pitching: LHP Jim Weinberg
Pinch Hitting: RHB Sugiarto Kartosuwiryo 0-0: Called Strike
0-1: Called Strike
0-2: Foul Ball, location: 2F
0-2: Ball
1-2: Foul Ball, location: 2F
1-2: Strikes out swinging
Batting: RHB Myles Sabine 0-0: Called Strike
0-1: Called Strike
0-2: Ball
1-2: Foul Ball, location: 2F
1-2: Strikes out swinging
Batting: RHB Suk Hahn 0-0: Ball
1-0: DOUBLE (Line Drive, 9LM, EV 108.8 MPH)
Batting: LHB Geoff Hudock 0-0: Ball
1-0: Ball
2-0: Ball
3-0: Base on Balls
Batting: LHB Toby Clark 0-0: Swinging Strike
0-1: Foul Ball, location: 2F
0-2: Foul Ball, location: 2F
0-2: Foul Ball, location: 2F
0-2: Ball
1-2: Strikes out swinging
Top of the 7th over - 0 runs, 1 hit, 0 errors, 2 left on base; University of Oklahoma 4 - University of Conneticut 3
BOTTOM OF THE 7TH
University of Conneticut Huskies batting - Pitching for University of Oklahoma Sooners : RHP Marco Munoz
Pitching: RHP Arjan van den Hurk
Now at 1B: Sugiarto Kartosuwiryo
Batting: RHB Victor Ramos 0-0: Ball
1-0: Ball
2-0: Foul Ball, location: 2F
2-1: Swinging Strike
2-2: Fly out, F8 (Line Drive, 8RM, EV 85.6 MPH)
Batting: LHB Marvin Lopez 0-0: Ball
1-0: Swinging Strike
1-1: Foul Ball, location: 2F
1-2: Strikes out looking
Batting: RHB Lee Wilbur 0-0: Ball
1-0: Swinging Strike
1-1: Ball
2-1: SINGLE (Groundball, 56D, EV 100.0 MPH)
Batting: RHB Jordan Nicholas 0-0: Ball
1-0: Swinging Strike
1-1: Called Strike
1-2: Strikes out swinging
Bottom of the 7th over - 0 runs, 1 hit, 0 errors, 1 left on base; University of Oklahoma 4 - University of Conneticut 3
TOP OF THE 8TH
University of Oklahoma Sooners batting - Pitching for University of Conneticut Huskies : LHP Jim Weinberg
Batting: RHB Alex Perez 0-0: Called Strike
0-1: Called Strike
0-2: Strikes out looking
Batting: RHB David Stuckey 0-0: Swinging Strike
0-1: Ball
1-1: Ball
2-1: Swinging Strike
2-2: Strikes out swinging
Batting: SHB Orlando Uribe 0-0: Ball
1-0: Called Strike
1-1: Foul Ball, location: 2F
1-2: Foul Ball, location: 2F
1-2: Ball
2-2: Ball
3-2: Foul Ball, location: 2F
3-2: Foul Ball, location: 2F
3-2: Strikes out swinging
Top of the 8th over - 0 runs, 0 hits, 0 errors, 0 left on base; University of Oklahoma 4 - University of Conneticut 3
BOTTOM OF THE 8TH
University of Conneticut Huskies batting - Pitching for University of Oklahoma Sooners : RHP Arjan van den Hurk
Pitching: LHP Logan Watson
Pinch Hitting: RHB Huo-tu Huo 0-0: Ball
1-0: Fly out, F8 (Flyball, 89D, EV 101.9 MPH)
Batting: LHB Matt Reed 0-0: Ball
1-0: Ball
2-0: Ball
3-0: Called Strike
3-1: Swinging Strike
3-2: Base on Balls
Batting: RHB Jai De san miguel 0-0: Called Strike
0-1: Called Strike
0-2: Ball
1-2: Foul Ball, location: 2F
1-2: Strikes out looking
Pinch Hitting: RHB Matthew Lanford 0-0: Called Strike
0-1: Fly out, F4 (Line Drive, 4, EV 76.2 MPH)
Bottom of the 8th over - 0 runs, 0 hits, 0 errors, 1 left on base; University of Oklahoma 4 - University of Conneticut 3
TOP OF THE 9TH
University of Oklahoma Sooners batting - Pitching for University of Conneticut Huskies : LHP Jim Weinberg
Pitching: RHP Gilberto Herrero
Now at C: Matthew Lanford
Now in LF: Noel Mcnatty
Pinch Hitting: LHB Jon Terrones 0-0: Ball
1-0: Ball
2-0: Foul Ball, location: 2F
2-1: Ball
3-1: Swinging Strike
3-2: Strikes out swinging
Batting: RHB Sugiarto Kartosuwiryo 0-0: Foul Ball, location: 2F
0-1: Foul Ball, location: 2F
0-2: Strikes out looking
Pinch Hitting: LHB Pedro Marrero 0-0: Ball
1-0: Ball
2-0: Foul Ball, location: 2F
2-1: Foul Ball, location: 2F
2-2: Strikes out swinging
Top of the 9th over - 0 runs, 0 hits, 0 errors, 0 left on base; University of Oklahoma 4 - University of Conneticut 3
BOTTOM OF THE 9TH
University of Conneticut Huskies batting - Pitching for University of Oklahoma Sooners : LHP Logan Watson
Pitching: RHP Ignacio Belloli
Now at C: Nelson Morales
Now at 2B: Mike Blehm
Batting: LHB Omar Alba 0-0: Ball
1-0: Called Strike
1-1: Swinging Strike
1-2: Ball
2-2: Ball
3-2: Base on Balls
Batting: RHB Victor Ramos 0-0: Ball
1-0: Swinging Strike
1-1: Fly out, F9 (Flyball, 9D, EV 95.6 MPH)
Batting: LHB Marvin Lopez 0-0: Ball
1-0: Ball
2-0: Foul Ball, location: 2F
2-1: Foul Ball, location: 2F
2-2: Strikes out swinging
Batting: RHB Lee Wilbur 0-0: Swinging Strike
0-1: Ball
1-1: Fly out, F7 (Flyball, 7S, EV 89.4 MPH)
Bottom of the 9th over - 0 runs, 0 hits, 0 errors, 1 left on base; University of Oklahoma 4 - University of Conneticut 3
Sunday, July 16th , 2023 - OOTP Baseball 24.6 Build 69